| TOP OF THE 1ST |
|
Wichita Aeros batting - Pitching for Tulsa Drillers : RHP Luis Garcia
|
|
Pitching: RHP Luis Garcia
|
|
|
Batting: SHB Gary Pettis
|
0-0: Foul Ball, location: 2F 0-1: Ball 1-1: Ball 2-1: Foul Ball, location: 2F 2-2: Fly out, F8 (Flyball, 89S, EV 91.3 MPH)
|
|
Batting: RHB Greg Cypret
|
0-0: Foul Ball, location: 2F 0-1: Fly out, F8 (Line Drive, 8LM, EV 105.0 MPH)
|
|
Batting: LHB Michael Barnes
|
0-0: Called Strike 0-1: Foul Ball, location: 2F 0-2: Ball 1-2: Foul Ball, location: 2F 1-2: Ball 2-2: Ground out U3 (Groundball, 34, EV 83.8 MPH)
|
| Top of the 1st over - 0 runs, 0 hits, 0 errors, 0 left on base; Wichita 0 - Tulsa 0 |
| BOTTOM OF THE 1ST |
|
Tulsa Drillers batting - Pitching for Wichita Aeros : RHP Michael Britt
|
|
Pitching: RHP Michael Britt
|
|
|
Batting: SHB Paul Householder
|
0-0: Ball 1-0: Ball 2-0: Swinging Strike 2-1: Foul Ball, location: 2F 2-2: Foul Ball, location: 2F 2-2: Ball 3-2: Base on Balls
|
|
Batting: RHB Victor Rios
|
0-0: Called Strike 0-1: Ball Paul Householder steals 2nd base 1-1: Ball 2-1: Swinging Strike 2-2: Ground out 4-3 (Groundball, 4, EV 105.0 MPH) Paul Householder to third
|
|
Batting: LHB Mike Pagliarulo
|
0-0: Ball 1-0: Foul Ball, location: 2F 1-1: 2-RUN HOME RUN (Flyball, 9D, EV 95.6 MPH), Distance : 381 ft
|
|
Batting: LHB Jim Adduci
|
0-0: Ball 1-0: Ball 2-0: Ball 3-0: Called Strike 3-1: Fly out, F8 (Line Drive, 8LD, EV 96.3 MPH)
|
|
Batting: SHB Luis Quinones
|
0-0: Called Strike 0-1: Foul Ball, location: 2F 0-2: Ball 1-2: SINGLE (Line Drive, 89S, EV 98.8 MPH)
|
|
Batting: LHB Randy Braun
|
0-0: Ball 1-0: Ball 2-0: Ball 3-0: Base on Balls Luis Quinones to second
|
|
Batting: RHB Steve Herz
|
0-0: Ball 1-0: Ball 2-0: 3-RUN HOME RUN (Flyball, 7D, EV 103.1 MPH), Distance : 356 ft
|
|
Batting: RHB Nick Belmonte
|
0-0: TRIPLE (Flyball, 9LD, EV 105.0 MPH)
|
|
Batting: RHB Onix Concepcion
|
0-0: Called Strike 0-1: Swinging Strike 0-2: Ball 1-2: Ground out U3 (Groundball, 34S, EV 65.6 MPH)
|
| Bottom of the 1st over - 5 runs, 4 hits, 0 errors, 1 left on base; Wichita 0 - Tulsa 5 |
| TOP OF THE 2ND |
|
Wichita Aeros batting - Pitching for Tulsa Drillers : RHP Luis Garcia
|
|
Batting: RHB Bill Schroeder
|
0-0: Ball 1-0: Called Strike 1-1: DOUBLE (Line Drive, 9LM, EV 96.3 MPH)
|
|
Batting: LHB Glenn Gulliver
|
0-0: Called Strike 0-1: Foul Ball, location: 2F 0-2: Ball 1-2: Ball 2-2: Reached on error, E4 (Groundball, 4M, EV 92.5 MPH) Bill Schroeder to third
|
|
Batting: LHB Angel Matos
|
0-0: Fielders Choice at 2nd, 3-6 (Groundball, 34, EV 101.9 MPH) Bill Schroeder scores
|
|
Batting: RHB Gary House
|
0-0: Called Strike 0-1: Ball 1-1: Ball 2-1: Ball 3-1: Foul Ball, location: 2F 3-2: Base on Balls Angel Matos to second
|
|
Batting: LHB Jesus Ramos
|
0-0: SINGLE (Line Drive, 56, EV 95.0 MPH) Angel Matos to third Gary House to second Runner from 3rd tries for Home, SAFE, throw by LF to home
|
|
Batting: LHB James Pellack
|
0-0: Ball 1-0: Called Strike 1-1: Ball 2-1: Fly out, F8 (Flyball, 89XD, EV 105.6 MPH) Runner from 2nd tags up, SAFE at 3rd, no throw by CF
|
|
Batting: SHB Gary Pettis
|
0-0: Fly out, F9 (Flyball, 89S, EV 89.4 MPH)
|
| Top of the 2nd over - 2 runs, 2 hits, 1 error, 2 left on base; Wichita 2 - Tulsa 5 |
| BOTTOM OF THE 2ND |
|
Tulsa Drillers batting - Pitching for Wichita Aeros : RHP Michael Britt
|
|
Batting: SHB Paul Householder
|
0-0: SINGLE (Groundball, 4MD, EV 94.4 MPH)
|
|
Batting: RHB Victor Rios
|
0-0: Foul Ball, location: 2F 0-1: Fly out, F7 (Flyball, 7D, EV 95.6 MPH)
|
|
Batting: LHB Mike Pagliarulo
|
0-0: Ball 1-0: Fly out, F5 (Popup, 5SF, EV 86.3 MPH)
|
|
Batting: LHB Jim Adduci
|
0-0: Ball 1-0: Ball 2-0: Ball 3-0: Called Strike 3-1: Foul Ball, location: 2F 3-2: Fly out, F7 (Line Drive, 7, EV 93.8 MPH)
|
| Bottom of the 2nd over - 0 runs, 1 hit, 0 errors, 1 left on base; Wichita 2 - Tulsa 5 |
| TOP OF THE 3RD |
|
Wichita Aeros batting - Pitching for Tulsa Drillers : RHP Luis Garcia
|
|
Batting: RHB Greg Cypret
|
0-0: Called Strike 0-1: Fly out, F9 (Flyball, 9, EV 83.8 MPH)
|
|
Batting: LHB Michael Barnes
|
0-0: Foul Ball, location: 2F 0-1: Ball 1-1: Ball 2-1: Ball 3-1: Called Strike 3-2: Foul Ball, location: 2F 3-2: Foul Ball, location: 2F 3-2: Ground out 4-3 (Groundball, 34D, EV 77.5 MPH)
|
|
Batting: RHB Bill Schroeder
|
0-0: Ball 1-0: Foul Ball, location: 2F 1-1: Ball 2-1: Foul Ball, location: 2F 2-2: Ball 3-2: Foul Ball, location: 2F 3-2: Fly out, F7 (Line Drive, 7, EV 88.1 MPH)
|
| Top of the 3rd over - 0 runs, 0 hits, 0 errors, 0 left on base; Wichita 2 - Tulsa 5 |
| BOTTOM OF THE 3RD |
|
Tulsa Drillers batting - Pitching for Wichita Aeros : RHP Michael Britt
|
|
Batting: SHB Luis Quinones
|
0-0: Ball 1-0: Ball 2-0: Called Strike 2-1: Fly out, F9 (Flyball, 9LD, EV 82.5 MPH)
|
|
Batting: LHB Randy Braun
|
0-0: Ball 1-0: Fly out, F1 (Line Drive, P, EV 71.3 MPH)
|
|
Batting: RHB Steve Herz
|
0-0: Called Strike 0-1: Ball 1-1: Ball 2-1: Called Strike 2-2: Ball 3-2: Base on Balls
|
|
Batting: RHB Nick Belmonte
|
0-0: Called Strike Steve Herz steals 2nd base 0-1: Ball 1-1: SINGLE (Line Drive, 6MD, EV 95.0 MPH) Steve Herz to third Runner from 3rd tries for Home, SAFE, throw by CF to home
|
|
Pitching: RHP Steve Crawford
|
|
|
Batting: RHB Onix Concepcion
|
0-0: Ball 1-0: Called Strike 1-1: Called Strike 1-2: Ball 2-2: Ball 3-2: Strikes out looking
|
| Bottom of the 3rd over - 1 run, 1 hit, 0 errors, 1 left on base; Wichita 2 - Tulsa 6 |
| TOP OF THE 4TH |
|
Wichita Aeros batting - Pitching for Tulsa Drillers : RHP Luis Garcia
|
|
Batting: LHB Glenn Gulliver
|
0-0: Called Strike 0-1: Foul Ball, location: 2F 0-2: Ball 1-2: Foul Ball, location: 2F 1-2: Foul Ball, location: 2F 1-2: Ball 2-2: Ball 3-2: Foul Ball, location: 2F 3-2: Ground out 6-3 (Groundball, 6, EV 86.3 MPH)
|
|
Batting: LHB Angel Matos
|
0-0: Ball 1-0: Called Strike 1-1: Ball 2-1: Foul Ball, location: 2F 2-2: Foul Ball, location: 2F 2-2: Ground out 6-3 (Groundball, 6, EV 84.4 MPH)
|
|
Batting: RHB Gary House
|
0-0: Ball 1-0: Called Strike 1-1: Ball 2-1: Foul Ball, location: 2F 2-2: Foul Ball, location: 2F 2-2: Ground out U3 (Groundball, 34S, EV 90.6 MPH)
|
| Top of the 4th over - 0 runs, 0 hits, 0 errors, 0 left on base; Wichita 2 - Tulsa 6 |
| BOTTOM OF THE 4TH |
|
Tulsa Drillers batting - Pitching for Wichita Aeros : RHP Steve Crawford
|
|
Batting: SHB Paul Householder
|
0-0: Ball 1-0: Ball 2-0: SINGLE (Groundball, 6M, EV 105.6 MPH) (infield hit)
|
|
Batting: RHB Victor Rios
|
0-0: Called Strike 0-1: Foul Ball, location: 2F 0-2: Fly out, F3 (Line Drive, 3, EV 67.5 MPH) Lined into DP, U3 (Line Drive, 3, EV 67.5 MPH)
|
|
Batting: LHB Mike Pagliarulo
|
0-0: Fly out, F9 (Flyball, 9D, EV 101.9 MPH)
|
| Bottom of the 4th over - 0 runs, 1 hit, 0 errors, 0 left on base; Wichita 2 - Tulsa 6 |
| TOP OF THE 5TH |
|
Wichita Aeros batting - Pitching for Tulsa Drillers : RHP Luis Garcia
|
|
Batting: LHB Jesus Ramos
|
0-0: Called Strike 0-1: Swinging Strike 0-2: Strikes out swinging
|
|
Batting: LHB James Pellack
|
0-0: Called Strike 0-1: Ball 1-1: Ball 2-1: Called Strike 2-2: Strikes out swinging
|
|
Batting: SHB Gary Pettis
|
0-0: Foul Ball, location: 2F 0-1: Foul Ball, location: 2F 0-2: Ball 1-2: Strikes out looking
|
| Top of the 5th over - 0 runs, 0 hits, 0 errors, 0 left on base; Wichita 2 - Tulsa 6 |
| BOTTOM OF THE 5TH |
|
Tulsa Drillers batting - Pitching for Wichita Aeros : RHP Steve Crawford
|
|
Batting: LHB Jim Adduci
|
0-0: Ball 1-0: Swinging Strike 1-1: Foul Ball, location: 2F 1-2: Foul Ball, location: 2F 1-2: Ball 2-2: Ball 3-2: Foul Ball, location: 2F 3-2: Base on Balls
|
|
Batting: SHB Luis Quinones
|
0-0: Ball 1-0: Fielders Choice at 2nd, 5-4 (Groundball, 56, EV 86.3 MPH)
|
|
Batting: LHB Randy Braun
|
0-0: Ball 1-0: Called Strike 1-1: Ball 2-1: Fly out, F8 (Flyball, 8LD, EV 103.8 MPH)
|
|
Batting: RHB Steve Herz
|
0-0: SINGLE (Line Drive, 4MD, EV 96.9 MPH) Luis Quinones to second Runner from 2nd tries for 3rd, SAFE, throw by CF made to third
|
|
Batting: RHB Nick Belmonte
|
0-0: Foul Ball, location: 2F 0-1: 3-RUN HOME RUN (Flyball, 78XD, EV 106.3 MPH), Distance : 408 ft
|
|
Batting: RHB Onix Concepcion
|
0-0: Ball 1-0: Ground out 6-3 (Groundball, 6, EV 95.6 MPH)
|
| Bottom of the 5th over - 3 runs, 2 hits, 0 errors, 0 left on base; Wichita 2 - Tulsa 9 |
| TOP OF THE 6TH |
|
Wichita Aeros batting - Pitching for Tulsa Drillers : RHP Luis Garcia
|
|
Batting: RHB Greg Cypret
|
0-0: Swinging Strike 0-1: Swinging Strike 0-2: Strikes out swinging
|
|
Batting: LHB Michael Barnes
|
0-0: Called Strike 0-1: Ball 1-1: Ball 2-1: Swinging Strike 2-2: Foul Ball, location: 2F 2-2: Strikes out swinging
|
|
Batting: RHB Bill Schroeder
|
0-0: Ground out 1-3 (Groundball, 34S, EV 76.3 MPH)
|
| Top of the 6th over - 0 runs, 0 hits, 0 errors, 0 left on base; Wichita 2 - Tulsa 9 |
| BOTTOM OF THE 6TH |
|
Tulsa Drillers batting - Pitching for Wichita Aeros : RHP Steve Crawford
|
|
Batting: SHB Paul Householder
|
0-0: Ball 1-0: Fly out, F9 (Flyball, 89M, EV 96.3 MPH)
|
|
Batting: RHB Victor Rios
|
0-0: Ball 1-0: Fly out, F3 (Popup, 23F, EV 89.4 MPH)
|
|
Batting: LHB Mike Pagliarulo
|
0-0: Ball 1-0: Ball 2-0: Ball 3-0: Base on Balls
|
|
Batting: LHB Jim Adduci
|
0-0: Called Strike 0-1: DOUBLE (Line Drive, 7LS, EV 91.3 MPH) Mike Pagliarulo to third Runner from 3rd tries for Home, SAFE, no throw by LF
|
|
Batting: SHB Luis Quinones
|
0-0: Ball 1-0: Called Strike 1-1: Fly out, F8 (Flyball, 89D, EV 95.6 MPH)
|
| Bottom of the 6th over - 1 run, 1 hit, 0 errors, 1 left on base; Wichita 2 - Tulsa 10 |
| TOP OF THE 7TH |
|
Wichita Aeros batting - Pitching for Tulsa Drillers : RHP Luis Garcia
|
|
Pinch Hitting: RHB Tom Dodd
|
0-0: Ball 1-0: Called Strike 1-1: Foul Ball, location: 2F 1-2: Hit by Pitch
|
|
Batting: LHB Angel Matos
|
0-0: Ball 1-0: Ball 2-0: Ball 3-0: Base on Balls Tom Dodd to second
|
|
Batting: RHB Gary House
|
0-0: Foul Ball, location: 2F 0-1: Ball 1-1: Ball 2-1: Called Strike 2-2: Foul Ball, location: 2F 2-2: Strikes out swinging
|
|
Batting: LHB Jesus Ramos
|
0-0: Ball 1-0: Fielders Choice at 2nd, 3-6 (Groundball, 3, EV 104.4 MPH) Tom Dodd to third
|
|
Batting: LHB James Pellack
|
0-0: Called Strike 0-1: Swinging Strike 0-2: Ball 1-2: Ball 2-2: Strikes out swinging
|
| Top of the 7th over - 0 runs, 0 hits, 0 errors, 2 left on base; Wichita 2 - Tulsa 10 |
| BOTTOM OF THE 7TH |
|
Tulsa Drillers batting - Pitching for Wichita Aeros : RHP Steve Crawford
|
|
Now in RF: Tom Dodd
|
|
|
Batting: LHB Randy Braun
|
0-0: SINGLE (Groundball, 34D, EV 98.8 MPH)
|
|
Batting: RHB Steve Herz
|
0-0: Fielders Choice at 2nd, 6-4 (Groundball, 6S, EV 87.5 MPH)
|
|
Batting: RHB Nick Belmonte
|
0-0: Ball 1-0: Called Strike 1-1: Ball 2-1: Foul Ball, location: 2F 2-2: Strikes out looking
|
|
Batting: RHB Onix Concepcion
|
0-0: Ball 1-0: Ball 2-0: Called Strike 2-1: SINGLE (Groundball, 25, EV 69.4 MPH) (infield hit) Steve Herz to second
|
|
Pinch Hitting: LHB Oscar Cordero
|
0-0: Ball 1-0: Ball 2-0: Called Strike 2-1: Foul Ball, location: 2F 2-2: Foul Ball, location: 2F 2-2: Fly out, F5 (Popup, 5SF, EV 73.1 MPH)
|
| Bottom of the 7th over - 0 runs, 2 hits, 0 errors, 2 left on base; Wichita 2 - Tulsa 10 |
| TOP OF THE 8TH |
|
Wichita Aeros batting - Pitching for Tulsa Drillers : RHP Luis Garcia
|
|
Now in RF: Bob Grandas
|
|
|
Pinch Hitting: LHB Mike McCain
|
0-0: SINGLE (Groundball, 34D, EV 101.9 MPH)
|
|
Batting: RHB Greg Cypret
|
0-0: Ball 1-0: Ground out 6-3 (Groundball, 6, EV 109.4 MPH) Mike McCain to second
|
|
Batting: LHB Michael Barnes
|
0-0: Called Strike 0-1: Called Strike 0-2: Ball 1-2: Ball 2-2: Strikes out swinging
|
|
Batting: RHB Bill Schroeder
|
0-0: Called Strike 0-1: Ground out 1-3 (Groundball, 34S, EV 76.3 MPH)
|
| Top of the 8th over - 0 runs, 1 hit, 0 errors, 1 left on base; Wichita 2 - Tulsa 10 |
| BOTTOM OF THE 8TH |
|
Tulsa Drillers batting - Pitching for Wichita Aeros : RHP Steve Crawford
|
|
Now at 3B: Mike McCain
|
|
|
Pinch Hitting: RHB Kevin Coon
|
0-0: Ball 1-0: Ball 2-0: Ball 3-0: Called Strike 3-1: Foul Ball, location: 2F 3-2: Fly out, F8 (Flyball, 8RXD, EV 109.4 MPH)
|
|
Pitching: RHP Rob Pietroburgo
|
|
|
Batting: LHB Mike Pagliarulo
|
0-0: Ball 1-0: Foul Ball, location: 2F 1-1: Foul Ball, location: 2F 1-2: Ball 2-2: Foul Ball, location: 2F 2-2: Foul Ball, location: 2F 2-2: Foul Ball, location: 2F 2-2: Foul Ball, location: 2F 2-2: Foul Ball, location: 2F 2-2: DOUBLE (Flyball, 8LXD, EV 95.0 MPH)
|
|
Batting: LHB Jim Adduci
|
0-0: Ball 1-0: SINGLE (Groundball, 6MS, EV 75.0 MPH) (infield hit) Mike Pagliarulo to third
|
|
Batting: SHB Luis Quinones
|
0-0: Foul Ball, location: 2F 0-1: Foul Ball, location: 2F 0-2: Foul Ball, location: 2F 0-2: Strikes out swinging
|
|
Batting: LHB Randy Braun
|
0-0: Ball 1-0: Ball 2-0: Fly out, F8 (Flyball, 78D, EV 98.1 MPH)
|
| Bottom of the 8th over - 0 runs, 2 hits, 0 errors, 2 left on base; Wichita 2 - Tulsa 10 |
| TOP OF THE 9TH |
|
Wichita Aeros batting - Pitching for Tulsa Drillers : RHP Luis Garcia
|
|
Now at 2B: Kevin Coon
|
|
|
Batting: RHB Tom Dodd
|
0-0: Called Strike 0-1: Ball 1-1: Foul Ball, location: 2F 1-2: Strikes out swinging
|
|
Batting: LHB Angel Matos
|
0-0: Ball 1-0: Swinging Strike 1-1: Foul Ball, location: 2F 1-2: Ball 2-2: Ground out 4-3 (Groundball, 4, EV 87.5 MPH)
|
|
Batting: RHB Gary House
|
0-0: Ball 1-0: Foul Ball, location: 2F 1-1: Foul Ball, location: 2F 1-2: Ball 2-2: Ball 3-2: Foul Ball, location: 2F 3-2: Ground out 6-3 (Groundball, 6, EV 104.4 MPH)
|
| Top of the 9th over - 0 runs, 0 hits, 0 errors, 0 left on base; Wichita 2 - Tulsa 10 |
|